General information
- name: BNet
- type: Ladder 1vs1/FFA
- host: Battle.net
- saver: BEAR_AND
map: SecretValley
- players: 2
- length: 71:22
- speed: Fast
- version: 1.27 W3XP
- replay type:

» download(233 KB)
Players
team 1 (winner)
BEAR_AND (
yellow | 124 APM | 8855 actions | 71:22)
7 Archmage
2 Summon Water Elemental
2 Brilliance Aura
2 Blizzard
1 Mass Teleport
5 Mountain King
3 Storm Bolt
1 Thunder Clap
1 Bash
3 Paladin
2 Holy Light
1 Divine Shield
» actions
| Assign group hotkey | 77 | |
| Basic commands | 27 | |
| Build / train | 207 | |
| Enter build submenu | 58 | |
| Enter hero's abilities submenu | 18 | |
| Give item / drop item | 7 | |
| Remove unit from queue | 3 | |
| Right click | 5806 | |
| Select / deselect | 1185 | |
| Select group hotkey | 729 | |
| Use ability | 736 | |
8855 total
» units
| Peasant | 28 | |
| Sorceress | -2 | |
| Priest | 1 | |
| Dragonhawk Rider | 10 | |
37 total
» upgrades
| Masonry | 3 | |
| Magic Sentry | 1 | |
| Lumber Harvesting | 2 | |
| Sorceress Training | 1 | |
| Priest Training | 1 | |
| Cloud | 1 | |
| Storm Hammers | 1 | |
| Animal War Training | 1 | |
| Swords | 2 | |
| Armor | 2 | |
15 total
» buildings
| Altar of Kings | 1 | |
| Farm | 9 | |
| Lumber Mill | 1 | |
| Scout Tower | 80 | |
| Arcane Vault | 2 | |
| Arcane Tower | 7 | |
| Guard Tower | 77 | |
| Keep | 3 | |
| Arcane Sanctum | 1 | |
| Town Hall | 1 | |
| Gryphon Aviary | 1 | |
| Castle | 5 | |
| Blacksmith | 2 | |
| Barracks | 2 | |
192 total
» build order
00:10 Altar of Kings
00:19 Farm
00:42 Farm
01:05 Lumber Mill
01:09 Scout Tower
01:36 Arcane Vault
01:40 Scout Tower
01:42 Scout Tower
02:06 Farm
02:07 Farm
02:11 Arcane Tower
02:12 Arcane Tower
02:39 Scout Tower
03:18 Guard Tower
03:18 Guard Tower
03:21 Scout Tower
03:21 Scout Tower
03:53 Guard Tower
03:54 Guard Tower
04:16 Guard Tower
04:16 Keep
04:17 Keep
04:20 Scout Tower
04:20 Scout Tower
04:22 Scout Tower
04:26 Farm
04:47 Guard Tower
04:52 Farm
05:13 Guard Tower
06:59 Arcane Sanctum
08:38 Town Hall
08:41 Scout Tower
08:42 Scout Tower
08:42 Scout Tower
08:43 Scout Tower
08:44 Scout Tower
08:44 Scout Tower
08:45 Scout Tower
08:45 Scout Tower
09:10 Arcane Tower
09:10 Guard Tower
09:38 Guard Tower
09:39 Guard Tower
09:39 Guard Tower
10:00 Guard Tower
10:00 Guard Tower
10:00 Guard Tower
10:01 Guard Tower
10:01 Guard Tower
10:01 Guard Tower
10:04 Scout Tower
10:05 Scout Tower
10:18 Gryphon Aviary
10:31 Guard Tower
10:31 Guard Tower
10:34 Scout Tower
10:34 Scout Tower
11:45 Guard Tower
11:58 Guard Tower
11:58 Guard Tower
11:58 Guard Tower
11:59 Scout Tower
11:59 Scout Tower
11:59 Scout Tower
12:01 Scout Tower
12:02 Scout Tower
12:02 Scout Tower
12:34 Guard Tower
12:35 Guard Tower
12:35 Guard Tower
12:50 Castle
12:50 Castle
12:50 Castle
12:51 Scout Tower
13:03 Arcane Vault
13:06 Guard Tower
13:06 Guard Tower
13:21 Guard Tower
13:21 Guard Tower
13:23 Scout Tower
13:24 Scout Tower
13:24 Scout Tower
13:24 Scout Tower
13:25 Scout Tower
13:25 Scout Tower
13:36 Farm
14:31 Guard Tower
14:31 Guard Tower
14:31 Guard Tower
14:35 Scout Tower
14:35 Scout Tower
14:37 Scout Tower
14:38 Scout Tower
14:42 Guard Tower
15:07 Guard Tower
15:09 Arcane Tower
16:04 Guard Tower
16:28 Scout Tower
16:29 Scout Tower
16:29 Scout Tower
16:30 Scout Tower
16:30 Scout Tower
16:31 Scout Tower
16:31 Scout Tower
16:32 Scout Tower
16:45 Guard Tower
16:45 Guard Tower
16:47 Guard Tower
17:25 Arcane Tower
17:37 Guard Tower
17:54 Guard Tower
17:54 Guard Tower
17:55 Guard Tower
18:00 Guard Tower
18:00 Guard Tower
18:00 Guard Tower
20:01 Scout Tower
20:03 Scout Tower
20:03 Scout Tower
20:03 Scout Tower
20:04 Scout Tower
20:05 Scout Tower
21:12 Scout Tower
21:16 Scout Tower
21:17 Scout Tower
21:17 Scout Tower
21:18 Scout Tower
21:22 Scout Tower
21:23 Scout Tower
21:24 Scout Tower
21:24 Scout Tower
22:28 Scout Tower
22:30 Scout Tower
22:30 Scout Tower
22:31 Scout Tower
22:32 Scout Tower
22:34 Scout Tower
22:35 Scout Tower
22:36 Scout Tower
23:27 Guard Tower
23:28 Guard Tower
23:28 Guard Tower
23:43 Scout Tower
23:43 Scout Tower
23:44 Scout Tower
23:44 Scout Tower
23:44 Scout Tower
23:45 Scout Tower
23:49 Guard Tower
23:50 Guard Tower
23:50 Guard Tower
24:13 Blacksmith
24:14 Barracks
24:16 Blacksmith
24:17 Barracks
24:22 Guard Tower
24:23 Guard Tower
24:23 Guard Tower
24:28 Guard Tower
24:28 Guard Tower
24:51 Guard Tower
24:59 Scout Tower
25:00 Scout Tower
25:01 Scout Tower
25:02 Scout Tower
25:09 Guard Tower
25:10 Guard Tower
27:14 Arcane Tower
27:15 Arcane Tower
27:15 Guard Tower
27:15 Guard Tower
28:57 Guard Tower
30:27 Farm
30:28 Farm
» items
| Boots of Speed | 3 | |
| Staff of Teleportation | 5 | |
| Potion of Healing | 1 | |
| Lesser Clarity Potion | 2 | |
| Scroll of Regeneration | 2 | |
| Staff of Sanctuary | 3 | |
| Orb of Fire | 3 | |
| Tome of Retraining | 4 | |
23 total
team 2 (loser)
eldelvaar (
green | 45 APM | 3226 actions | 71:20)
4 Archmage
1 Blizzard
1 Brilliance Aura
2 Summon Water Elemental
1 Mountain King
1 Storm Bolt
1 Blood Mage
1 Flame Strike
» actions
| Assign group hotkey | 1 | |
| Basic commands | 47 | |
| Build / train | 190 | |
| Enter build submenu | 52 | |
| Enter hero's abilities submenu | 6 | |
| Give item / drop item | 7 | |
| Right click | 1860 | |
| Select / deselect | 919 | |
| Use ability | 144 | |
3226 total
» units
| Peasant | 23 | |
| Footman | 6 | |
| Rifleman | 3 | |
| Sorceress | 6 | |
| Priest | 5 | |
| Knight | 9 | |
| Gryphon Rider | 9 | |
| Mortar Team | 14 | |
| Siege Engine | 5 | |
| Dragonhawk Rider | 5 | |
85 total
» upgrades
| Defend | 1 | |
| Magic Sentry | 1 | |
| Sorceress Training | 1 | |
| Lumber Harvesting | 2 | |
| Animal War Training | 1 | |
| Masonry | 3 | |
| Fragmentation Shards | 1 | |
| Storm Hammers | 1 | |
| Barrage | 1 | |
| Flare | 1 | |
| Plating | 3 | |
| Swords | 3 | |
| Gunpowder | 3 | |
| Armor | 2 | |
| Cloud | 1 | |
25 total
» buildings
| Altar of Kings | 1 | |
| Farm | 9 | |
| Scout Tower | 25 | |
| Lumber Mill | 1 | |
| Arcane Tower | 5 | |
| Barracks | 2 | |
| Guard Tower | 26 | |
| Keep | 1 | |
| Blacksmith | 2 | |
| Arcane Vault | 2 | |
| Castle | 1 | |
| Arcane Sanctum | 1 | |
| Gryphon Aviary | 1 | |
| Town Hall | 3 | |
| Workshop | 2 | |
82 total
» build order
00:10 Altar of Kings
00:43 Farm
01:46 Scout Tower
02:01 Lumber Mill
02:31 Arcane Tower
02:35 Barracks
03:25 Scout Tower
03:29 Barracks
03:33 Farm
04:05 Guard Tower
05:18 Keep
05:34 Scout Tower
05:41 Blacksmith
06:09 Guard Tower
06:15 Farm
07:22 Arcane Vault
07:53 Farm
08:29 Castle
08:39 Arcane Sanctum
12:03 Gryphon Aviary
12:27 Farm
13:52 Town Hall
13:58 Scout Tower
14:03 Scout Tower
14:32 Guard Tower
14:34 Scout Tower
14:37 Guard Tower
14:54 Arcane Tower
15:06 Workshop
16:47 Farm
17:42 Scout Tower
18:27 Town Hall
19:06 Scout Tower
19:10 Guard Tower
19:12 Scout Tower
20:13 Guard Tower
20:15 Scout Tower
20:43 Scout Tower
20:53 Scout Tower
21:05 Guard Tower
21:07 Scout Tower
21:31 Guard Tower
22:30 Guard Tower
22:32 Scout Tower
22:58 Guard Tower
23:31 Town Hall
23:35 Farm
23:42 Guard Tower
23:45 Scout Tower
24:14 Farm
24:35 Scout Tower
25:08 Farm
25:22 Arcane Tower
25:40 Guard Tower
25:53 Workshop
28:10 Scout Tower
28:55 Blacksmith
30:20 Arcane Tower
30:22 Scout Tower
31:03 Guard Tower
31:22 Scout Tower
31:54 Scout Tower
32:04 Guard Tower
32:23 Guard Tower
32:26 Scout Tower
32:57 Guard Tower
36:45 Arcane Vault
44:23 Guard Tower
44:25 Guard Tower
45:18 Guard Tower
45:22 Guard Tower
45:29 Scout Tower
45:31 Guard Tower
46:56 Scout Tower
47:18 Scout Tower
52:32 Guard Tower
54:03 Scout Tower
54:22 Guard Tower
54:36 Arcane Tower
54:45 Guard Tower
54:56 Guard Tower
55:09 Guard Tower
» items
| Boots of Speed | 1 | |
| Staff of Teleportation | 1 | |
| Potion of Invisibility | 3 | |
| Potion of Lesser Invulnerability | 7 | |
| Scroll of Regeneration | 1 | |
| Scroll of Town Portal | 3 | |
| Potion of Mana | 4 | |
| Orb of Fire | 1 | |
| Staff of Sanctuary | 1 | |
| Ivory Tower | 13 | |
| Potion of Healing | 2 | |
37 total
Chat log
(00:20 / All) eldelvaar: hi
(00:22 / All) BEAR_AND: hi
(00:50 / All) eldelvaar: frojm?
(00:53 / All) BEAR_AND: toronto, canada
(00:55 / All) BEAR_AND: you?
(00:55 / All) eldelvaar: from?
(01:14 / All) eldelvaar: valencia espaƱa
(01:20 / All) BEAR_AND: why useast?
(01:23 / All) BEAR_AND: why not euro?
(01:27 / All) eldelvaar: si
(01:40 / All) eldelvaar: europa
(11:29 / All) BEAR_AND: lol
(15:52 / All) eldelvaar: towers towres towers
(16:49 / All) BEAR_AND: GOTTA LOVE IT
(27:49 / All) eldelvaar: more towers?
(27:52 / All) BEAR_AND: always
(28:01 / All) eldelvaar: age?
(28:11 / All) BEAR_AND: 29
(28:30 / All) BEAR_AND: you?
(28:37 / All) eldelvaar: 49
(28:41 / All) BEAR_AND: really
(28:46 / All) eldelvaar: si
(44:52 / All) BEAR_AND: lol
(48:13 / All) BEAR_AND: hey
(48:15 / All) BEAR_AND: are you bad?
(48:24 / All) eldelvaar: borryng
(48:26 / All) BEAR_AND: lol
(52:03 / All) BEAR_AND: $$$$$$$$$$$$$$$$$$$$$$
(56:23 / All) BEAR_AND: hehje
(56:31 / All) eldelvaar: bueno
(57:36 / All) eldelvaar: very boryng
(57:39 / All) BEAR_AND: i win
(61:35 / All) eldelvaar: booooorygy
(63:55 / All) BEAR_AND: gg
(66:37 / All) eldelvaar: boryg boryn boryg
(66:47 / All) BEAR_AND: are you really bad?
(67:02 / All) eldelvaar: me vas a chupar la polla
(70:38 / All) eldelvaar: more towers?
(71:10 / All) eldelvaar: BORYNG